 Dungeon Crawl Stone Soup version 0.29.0-4-gdea44cf6ec (webtiles) character file.

Game seed: 18409097211197358885

298 qw the Chopper (level 6, -2/36 HPs)
             Began as a Tengu Warper on Aug 28, 2022.
             Succumbed to a scorpion's poison
             ... on level 4 of the Dungeon.
             The game lasted 00:00:21 (3913 turns).

qw the Chopper (Tengu Warper)                       Turns: 3913, Time: 00:00:21

Health: -2/36      AC: 12    Str: 13    XL:     6   Next: 35%
Magic:  10/10      EV:  4    Int: 13    God:
Gold:   100        SH:  0    Dex: 14    Spells: 9/9 levels left

rFire   . . .      SeeInvis .   Y - +0 war axe
rCold   . . .      Faith    .   (no shield)
rNeg    + . .      Spirit   .   k - +0 plate armour
rPois   .          Reflect  .   (helmet restricted)
rElec   .          Harm     .   d - +1 cloak
rCorr   .          Rampage  .   (no gloves)
Will    .....                   (boots unavailable)
Stlth   ..........              (no amulet)
HPRegen 0.12/turn               c - ring of positive energy
MPRegen 0.12/turn               (no ring)

@: lethally poisoned (-2 -> -14), flying quickly and evasively, quick
A: beak, talons 3, nimble flight
a: no special abilities


You were on level 4 of the Dungeon.
You visited 1 branch of the dungeon, and saw 4 of its levels.

You collected 139 gold pieces.
You spent 39 gold pieces at shops.


Innate Abilities, Weirdness & Mutations

You have a beak for a mouth.
You have claws for feet.
Your magical nature lets you fly swiftly and evasively.


   Skills:
 - Level 2.4 Fighting
 - Level 7.0 Axes
 - Level 1.0 Throwing
 + Level 1.1 Armour
 - Level 2.1 Dodging
 - Level 2.0 Spellcasting
 - Level 2.4 Translocations


You had 9 spell levels left.
You didn't know any spells.
Your spell library contained the following spells:

 Spells                   Type           Power      Damage    Failure   Level
 Blink                    Tloc           14%        N/A       100%        2
 Gell's Gravitas          Tloc           7%         N/A       100%        3
 Lesser Beckoning         Tloc           7%         N/A       100%        3
 Teleport Other           Tloc           7%         N/A       100%        3
 Manifold Assault         Tloc           7%         N/A       100%        5

Inventory:

Hand Weapons
 h - a +0 morningstar
 Y - a +0 war axe (weapon)
Armour
 d - a +1 cloak (worn)
 k - a +0 plate armour (worn)
Jewellery
 c - a ring of positive energy (left hand)
Potions
 a - a potion of mutation {unknown}
 e - a potion of attraction {unknown}
 g - a potion of magic {unknown}
 j - a potion of curing

Dungeon Overview and Level Annotations

Branches:
Dungeon (4/15)
 Temple: D:4-7

Altars:
Fedhas
Nemelex Xobeh

Shops:
D:2 (


Message History

You closely miss the scorpion.
You claw the scorpion, but do no damage.
Your peck misses the scorpion.
The scorpion is moderately wounded.
The scorpion stings you but does no damage.
You hit the scorpion but do no damage. You peck the scorpion.
The scorpion is moderately wounded.
The scorpion stings you but does no damage.
The scorpion stings you.
You are poisoned.
The scorpion poisons you!
You hit the scorpion. You claw the scorpion.
The scorpion is severely wounded.
You feel very sick. The scorpion stings you.
You are more poisoned.
The scorpion poisons you!
You closely miss the scorpion. Your peck misses the scorpion.
The scorpion is severely wounded.
You feel very sick. The scorpion stings you.
You barely miss the scorpion. Your kick misses the scorpion.
The scorpion is severely wounded.
You feel very sick. The scorpion stings you.
You are lethally poisoned!
The scorpion poisons you!
The scorpion stings you but does no damage.
You barely miss the scorpion. You claw the scorpion.
The scorpion is severely wounded.
You feel very sick. The scorpion stings you.
You barely miss the scorpion. You claw the scorpion.
Your peck misses the scorpion.
The scorpion is severely wounded.
You feel very sick.
The scorpion stings you but does no damage.
You hit the scorpion.
You kill the scorpion!
You die...

.)......??. .
........=. ..
.......... ...
......... #...
......... #...
#........
#....#........
#.....@.......
##..#####...>.
# ... .


There were no monsters in sight!

Vanquished Creatures
  Sigmund (D:2)
  A scorpion (D:4)
  An orc priest (D:3)
  A gnoll (D:1)
  An adder (D:3)
  A worm (D:2)
  2 dart slugs
  11 orcs (D:3)
  4 ball pythons
  5 endoplasms
  6 giant cockroaches
  5 goblins
  7 hobgoblins
  3 quokkas
  3 bats
  5 frilled lizards
  8 kobolds
  10 rats
75 creatures vanquished.

Notes
Turn   | Place    | Note
-------+----------+-------------------------------------------
     0 | D:1      | qw the Tengu Warper began the quest for the Orb.
     0 | D:1      | Reached XP level 1. HP: 12/12 MP: 4/4
     0 | D:1      | 0 ||| qw: Version: 0.1-a-89-g26bdef1
     0 | D:1      | 0 ||| qw: Game counter: 1844
     0 | D:1      | 0 ||| qw: Always use a shield: true
     0 | D:1      | 0 ||| qw: God list: Okawaru
     0 | D:1      | 0 ||| qw: Allow faded altars: false
     0 | D:1      | 0 ||| qw: Do Orc after D:15 true
     0 | D:1      | 0 ||| qw: Do second Lair branch before Depths: true
     0 | D:1      | 0 ||| qw: Lair rune preference: random
     0 | D:1      | 0 ||| qw: Plans: Normal
     0 | D:1      | 0 ||| PLANNING D:1-11
     9 | D:1      | Noticed a bullfrog
    29 | D:1      | 29 ||| Stepping ~*~*~tactically~*~*~ (stealth).
    31 | D:1      | 31 ||| Stepping ~*~*~tactically~*~*~ (stealth).
   155 | D:1      | Reached XP level 2. HP: 16/17 MP: 6/6
   183 | D:1      | Reached skill level 3 in Axes
   658 | D:1      | Found a faded altar of an unknown god.
   808 | D:1      | HP: 1/17 [gnoll/+0 club (6)]
   811 | D:1      | Reached XP level 3. HP: 1/21 MP: 7/7
  1097 | D:1      | Reached skill level 4 in Axes
  1449 | D:1      | 1449 ||| UPGRADING to +1 cloak.
  1454 | D:1      | 1454 ||| UPGRADING to +0 ring mail.
  1464 | D:1      | 1464 ||| DROPPING +0 leather armour.
  1465 | D:1      | 1465 ||| UPGRADING to +0 scale mail.
  1475 | D:1      | 1475 ||| DROPPING +0 ring mail.
  1476 | D:1      | 1476 ||| READING scroll labelled XEONUM GEPTE.
  1477 | D:1      | 1477 ||| DRINKING 2 clear potions.
  1478 | D:1      | 1478 ||| DROPPING scroll of blinking.
  1479 | D:1      | 1479 ||| DROPPING potion of flight.
  1616 | D:2      | 1616 ||| SWAPPING to +0 war axe.
  1624 | D:2      | 1624 ||| DROPPING +0 hand axe.
  2100 | D:2      | Found Utopnuo's Weapon Shop.
  2107 | D:2      | 2107 ||| BUYING +0 mace (39 gold).
  2107 | D:2      | Bought a +0 mace for 39 gold pieces
  2107 | D:2      | 2107 ||| SHOPLISTING +4 mace of protection (332 gold, have
                  | 35).
  2107 | D:2      | 2107 ||| DROPPING +0 club.
  2110 | D:2      | Noticed Sigmund
  2116 | D:2      | Killed Sigmund
  2117 | D:2      | Reached skill level 6 in Axes
  2117 | D:2      | Reached XP level 4. HP: 14/26 MP: 8/8
  2117 | D:2      | Gained mutation: Your magical nature lets you fly swiftly
                  | and evasively. [Tengu growth]
  2117 | D:2      | Reached XP level 5. HP: 16/30 MP: 9/9
  2285 | D:2      | Found a blossoming altar of Fedhas.
  2563 | D:2      | 2563 ||| UPGRADING to ring of positive energy.
  2564 | D:2      | 2564 ||| READING scroll labelled SOUKHL MEHA.
  2677 | D:2      | 2677 ||| READING scroll labelled FASTANI ZENLU.
  2682 | D:2      | 2682 ||| READING scroll labelled XUUMNE FORO.
  2779 | D:3      | Reached XP level 6. HP: 28/35 MP: 10/10
  2857 | D:3      | 2857 ||| Stepping ~*~*~tactically~*~*~ (stealth).
  2861 | D:3      | 2861 ||| Stepping ~*~*~tactically~*~*~ (stealth).
  2877 | D:3      | 2877 ||| DROPPING +0 mace.
  3110 | D:3      | Found a sparkling altar of Nemelex Xobeh.
  3185 | D:3      | 3185 ||| Stepping ~*~*~tactically~*~*~ (stealth).
  3198 | D:3      | 3198 ||| Stepping ~*~*~tactically~*~*~ (stealth).
  3221 | D:3      | 3221 ||| FLEEEEING.
  3222 | D:3      | 3222 ||| FLEEEEING.
  3227 | D:3      | 3227 ||| FLEEEEING.
  3228 | D:3      | 3228 ||| FLEEEEING.
  3230 | D:3      | Reached skill level 7 in Axes
  3230 | D:3      | 3230 ||| FLEEEEING.
  3231 | D:3      | 3231 ||| FLEEEEING.
  3232 | D:3      | 3232 ||| FLEEEEING.
  3233 | D:3      | 3233 ||| FLEEEEING.
  3234 | D:3      | 3234 ||| FLEEEEING.
  3235 | D:3      | 3235 ||| FLEEEEING.
  3236 | D:3      | 3236 ||| FLEEEEING.
  3237 | D:3      | 3237 ||| FLEEEEING.
  3238 | D:3      | 3238 ||| FLEEEEING.
  3240 | D:3      | 3240 ||| FLEEEEING.
  3241 | D:3      | 3241 ||| FLEEEEING.
  3242 | D:3      | 3242 ||| FLEEEEING.
  3350 | D:3      | 3350 ||| DROPPING +0 flail.
  3689 | D:3      | 3689 ||| UPGRADING to +0 chain mail.
  3699 | D:3      | 3699 ||| DROPPING +0 scale mail.
  3700 | D:3      | 3700 ||| UPGRADING to +0 plate armour.
  3710 | D:3      | 3710 ||| DROPPING +0 chain mail.
  3711 | D:3      | 3711 ||| DRINKING 2 dark potions.
  3846 | D:3      | 3846 ||| READING scroll of teleportation.
  3847 | D:3      | 3847 ||| STAIRDANCE
  3911 | D:4      | HP: 8/36 [poisoned by a scorpion]
  3912 | D:4      | HP: 1/36 [poisoned by a scorpion]
  3913 | D:4      | Succumbed to a scorpion's poison

Levels and vault maps discovered:
D:1:      evilmike_arrival_come_back, layout_basic,
          hellmonk_ecumenical_altar_leap_of_faith, chequers_serial_rivers_marsh,
          chequers_decorated_corner
D:2:      layout_basic, basic_altar, serial_shops, shop, minmay_tetromino_t4,
          uniq_sigmund
D:3:      layout_loops_ring, nicolae_overflow_hidden_temple,
          hangedman_decor_clover_reticule, amcnicky_mini_corridor_feature,
          minmay_fractal_squares_diagonal_5
D:4:      layout_cave_pools

Skill      XL: |  1  2  3  4  5  6 |
---------------+-------------------+-----
Axes           | 3 6 7 |  7.0
Fighting       | |  2.4
Throwing       | |  1.0
Armour         | |  1.1
Dodging        | |  2.1
Spellcasting   | |  2.0
Translocations | |  2.4

Action                   |  1- 3 |  4- 6 || total
-------------------------+-------+-------++-------
Melee: Hand axe          |    55 |       ||    55
       Kick              |    24 |    22 ||    46
       Peck              |     6 |    10 ||    16
       War axe           |    24 |    66 ||    90
       Punch             |       |     1 ||     1
Throw: Boomerang         |     7 |       ||     7
  Use: Scroll            |     1 |     4 ||     5
       Potion            |     1 |     1 ||     2
Armor: Leather armour    |    12 |       ||    12
       Scale mail        |     7 |    17 ||    24
       Plate armour      |       |     6 ||     6
Dodge: Dodged            |    27 |    14 ||    41

Table legend:
 A = Non-vault XP
 B = Vault XP
 C = Vault XP percentage of total XP
 D = Non-vault monster count
 E = Vault monster count
 F = Vault count percentage of total count
                 A         B        C        D         E       F
            +---------+---------+-------+---------+---------+-------
      Total |     263 |     250 |  48.7 |      62 |      13 |  17.3
            +---------+---------+-------+---------+---------+-------
        D:1 |      52 |       0 |   0.0 |      24 |       0 |   0.0
        D:2 |      23 |     232 |  91.0 |      15 |       3 |  16.7
        D:3 |     101 |      18 |  15.1 |      22 |      10 |  31.2
        D:4 |      87 |       0 |   0.0 |       1 |       0 |   0.0
            +---------+---------+-------+---------+---------+-------
